AoeStats
← [KKCK]Jaguar_delBulla

Steppe

517841107Analyzed
1v1 RM · 5d ago on Nov 1, 2026· 35m 29s· 2 players
Game mode
Random Map
Map size
Tiny (2 player)
Population
200
Speed
Normal
Resources
Standard
Victory
Conquest
Starting age
Dark Age
Ending age
Imperial Age
RankedLock teamsTeams togetherTeam positionsShared explorationLock speedFull tech treeHidden civsTurbo modeCheats
Victory
Defeat
🇹🇼 Mongols · Taiwan
1202
+18
vs
1235
-18
[OPP]COSMO
9:27 Feudal Age
7:49 Loom
10:26 Feudal Age
11:26 Double-Bit Axe
13:02 Town Watch
16:47 Castle Age
14:54 Fletching
17:40 Bodkin Arrow
22:48 Padded Archer Armor
28:06 Gold Mining
30:17 Bloodlines
33:04 Husbandry
34:00 Ballistics
35:04 Leather Archer Armor
[KKCK]Jaguar_delBulla
5:50 Loom
8:23 Feudal Age
8:28 Man-at-Arms
11:19 Double-Bit Axe
12:51 Fletching
21:33 Castle Age
20:06 Padded Archer Armor
21:43 Elite Skirmisher
22:40 Bodkin Arrow
26:03 Forging
26:34 Scale Barding Armor
27:48 Bow Saw
28:34 Bloodlines
31:16 Wheelbarrow
32:37 Leather Archer Armor
Connection lost

Rejoining the realm…

Still unreachable

The connection could not be restored.

Session expired

The server has moved on; the page needs a fresh start.